 Dungeon Crawl Stone Soup version 0.19-a0-994-g3c636f0 (webtiles) character file.

387 mistymad the Poker (level 6, 0/49 HPs)
             Began as a Merfolk Monk on July 18, 2016.
             Slain by an adder (1 damage)
             ... on level 4 of the Dungeon.
             The game lasted 00:05:20 (3384 turns).

mistymad the Poker (Merfolk Monk)                   Turns: 3384, Time: 00:05:21

Health: 0/49       AC:  5    Str: 13    XL:     6   Next: 78%
Magic:  6/6        EV: 14    Int:  9    God:
Gold:   141        SH:  0    Dex: 17    Spells: 0 memorised, 5 levels left

rFire  . . .     SeeInvis .     m - +0 trident
rCold  . . .     Gourm    .     y - +0 ring mail
rNeg   . . .     Faith    .     (no shield)
rPois  .         Spirit   .     (no helmet)
rElec  .         Dismiss  .     (no cloak)
rCorr  .         Reflect  .     (no gloves)
SustAt +         Harm     .     (no boots)
MR     .....                    (no amulet)
Stlth  ++........               (no ring)
                                h - ring of sustain attributes

@: lethally poisoned (0 -> 0), not resistant to hostile enchantments, unstealthy
A: change form in water, swift swim
a: no special abilities


You were on level 4 of the Dungeon.
You were very hungry.

You visited 1 branch of the dungeon, and saw 4 of its levels.

You collected 141 gold pieces.

Inventory:

Hand Weapons
 m - a +0 trident (weapon)
Armour
 y - a +0 ring mail (worn)
Jewellery
 h - a ring of sustain attributes (left hand)
Wands
 o - a wand of flame (21/48)
 u - a wand of iceblast (12/15)
Scrolls
 a - a scroll of noise {unknown}
 d - 3 scrolls of recharging {unknown}
 f - a scroll of fear {unknown}
 p - a scroll of magic mapping {unknown}
 q - 2 scrolls of remove curse {unknown}
 r - a scroll of enchant weapon {unknown}
 s - a scroll of random uselessness {unknown}
 w - a scroll of identify {unknown}
 z - a scroll of teleportation {unknown}
 A - 2 scrolls of enchant armour {unknown}
Potions
 b - 2 potions of heal wounds {unknown}
 e - a potion of resistance {unknown}
 i - 4 potions of curing {unknown}
 j - a potion of invisibility {unknown}
 k - a potion of haste {unknown}
 l - 2 potions of cure mutation {unknown}
 n - a potion of lignification {unknown}
 v - a potion of flight {unknown}
 x - a potion of mutation {unknown}
Comestibles
 c - 4 bread rations
 g - 2 meat rations
 t - a slice of pizza


   Skills:
 + Level 4.7 Fighting
 + Level 6.4 Polearms
 + Level 2.4 Armour
 + Level 5.9 Dodging
 - Level 2.1 Stealth


You had 5 spell levels left.
You didn't know any spells.

Dungeon Overview and Level Annotations

Branches:
Dungeon (4/15)
 Temple: D:4-7

Altars:
Cheibriados

Annotations:
D:4 Amnesiac's ghost, weakling OgNe


Message History

You feel sick. The hound barely misses you. The worker ant bites you.
* * * LOW HITPOINT WARNING * * *
The worker ant misses you.
You take 5 damage, and have 6/49 hp.
You closely miss the worker ant.
The worker ant is moderately wounded.
The hound closely misses you. The worker ant completely misses you.
The worker ant barely misses you. The hound completely misses you.
The orc misses you.
You hit the worker ant.
The worker ant is heavily wounded.
The hound barely misses you. The worker ant completely misses you.
The worker ant barely misses you. The orc hits you.
* * * LOW HITPOINT WARNING * * *
You take 2 damage, and have 4/49 hp.
The worker ant closely misses you. The hound bites you but does no damage.
The orc misses you. The worm bites you.
* * * LOW HITPOINT WARNING * * *
The adder bites you.
You die...

............g...#
...........Z.....# # #...#
##'######.##.###'##
###...###....####.##.##...#
.......#.............#.W..#
.......#.............#....#
.......#.............#....#
.......+.......Sw.[..#.h..#
.......#.....Zao@)<..#....#
.......#......hha....#....#
#/.#.......######...###...#
##########...####...###...#
#.....#...........#
#.h...#...........#
#.....#...........#
#.....#...........#
##...Z.#...gZW.....#


You could see a worm, a howler monkey, a hound, 2 worker ants, an adder, an orc
and a quokka skeleton.

Vanquished Creatures
  A giant frog (D:4)
  A hound (D:3)
  2 orc priests (D:4)
  Jessica (D:3)
  2 hound skeletons (D:4)
  7 adders
  2 oozes
  2 worms (D:2)
  5 dart slugs
  4 giant geckos
  6 orcs (D:3)
  5 giant cockroaches
  14 goblins
  11 hobgoblins
  3 jackals (D:1)
  5 kobolds
  A quokka (D:3)
  3 ball pythons
  8 bats
  2 giant newts
  A quokka skeleton (D:4)
  6 rats
92 creatures vanquished.

Notes
Turn   | Place    | Note
-------+----------+-------------------------------------------
     0 | D:1      | mistymad the Merfolk Monk began the quest for the Orb.
     0 | D:1      | Reached XP level 1. HP: 18/18 MP: 1/1
   111 | D:1      | Reached XP level 2. HP: 24/24 MP: 2/2
   484 | D:1      | Reached XP level 3. HP: 29/29 MP: 3/3
   790 | D:2      | Reached skill level 5 in Polearms
   850 | D:2      | Reached skill level 1 in Armour
  1055 | D:2      | Reached XP level 4. HP: 37/37 MP: 4/4
  1197 | D:2      | Reached skill level 5 in Dodging
  1462 | D:3      | Reached XP level 5. HP: 27/42 MP: 5/5
  2074 | D:3      | Found a snail-covered altar of Cheibriados.
  2345 | D:3      | Noticed Jessica
  2364 | D:3      | Killed Jessica
  2476 | D:3      | Reached skill level 6 in Polearms
  2476 | D:3      | Reached XP level 6. HP: 49/49 MP: 6/6
  3307 | D:4      | Noticed Amnesiac's ghost (weakling OgNe)
  3384 | D:4      | HP: 1/49 [worm (3)]
  3384 | D:4      | Slain by an adder

Vault maps used:
D:1:      kennysheep_arrival_forest
D:2:      roderic_malta_cross
D:3:      cheibriados_altar_1, serial_curves, eino_curves_02, eino_curves_03,
          first_bread, uniq_jessica
D:4:      serial_shops, shop

Skill      XL: |  1  2  3  4  5 |
---------------+----------------+-----
Polearms       | 5 6 |  6.4
Armour         | 1 2 |  2.4
Dodging        | 5 |  5.9
Fighting       | 4 |  4.7
Stealth        | |  2.1

Action                   |  1- 3 |  4- 6 || total
-------------------------+-------+-------++-------
Melee: Spear             |    92 |       ||    92
       Trident           |    32 |   231 ||   263
 Stab: Sleeping          |     8 |     3 ||    11
       Distracted        |       |     1 ||     1
  Eat: Chunk             |     1 |     6 ||     7
Armor: Robe              |    11 |    10 ||    21
       Leather armour    |       |     1 ||     1
       Ring mail         |       |    24 ||    24
Dodge: Dodged            |    66 |   202 ||   268
